 Dungeon Crawl Stone Soup version 0.32-a0-12-g7fc57aa741 (webtiles) character file.

Game seed: 3167941905941135117

88121 dolemite99 the Lord of Darkness (level 15, -12/80 HPs)
             Began as a Vine Stalker Hexslinger on Jan 15, 2024.
             Was the Champion of Kikubaaqudgha.
             Killed from afar by an arcanist (16 damage)
             ... with a lance of force
             ... on level 14 of the Dungeon.
             The game lasted 01:21:12 (31405 turns).

dolemite99 the Lord of Darkness (VSHs)             Turns: 31405, Time: 01:21:12

Health: -12/80     AC: 20    Str: 12    XL:     15   Next: 92%
Magic:  0/28       EV: 14    Int: 27    God:    Kikubaaqudgha [******]
Gold:   1065       SH:  8    Dex: 21    Spells: 0/30 levels left

rFire   + . .        i - +2 rapier (pain)
rCold   . . .        o - +2 buckler {rF+}
rNeg    + . .        p - +0 ring mail "Alisewie" {rPois Int+3}
rPois   +            x - +1 helmet of Olakkos {rN+ rCorr Int+9 Stlth-}
rElec   .            F - +2 cloak
rCorr   +            r - +2 pair of gloves
SInv    .            J - +2 pair of boots
Will    +....        Q - amulet of regeneration Stlth
                     f - +4 ring of protection {=R}
HPRegen 1.93/turn    z - ring of wizardry
MPRegen 0.21/turn

%: guardian spirit, wizardry (x1)
@: radiating poison
A: fangs 3, regeneration 1, magic shield, antimagic bite, no potion heal 2
a: Renounce Religion, Unearth Wretches, Torment


You were on level 14 of the Dungeon.
You worshipped Kikubaaqudgha.
Kikubaaqudgha was exalted by your worship.
You visited 3 branches of the dungeon, and saw 22 of its levels.

You collected 2907 gold pieces.
You spent 1842 gold pieces at shops.

Inventory:

Hand Weapons
 a - a +4 dagger of venom
 b - a +3 longbow of flaming
 i - a +2 rapier of pain (weapon)
 y - a +2 scimitar of flaming
 I - a +3 scimitar of flaming
Missiles
 A - 2 throwing nets
 X - 2 curare-tipped darts
Armour
 g - the +6 scale mail "Jedonuc" {Will+ Int-3 SInv}
   (You bought it in a shop on level 2 of the Orcish Mines)

   Int-3:     It affects your intelligence (-3).
   Will+:     It increases your willpower.
   SInv:      It lets you see invisible.
 m - an orb of mayhem
 o - a +2 buckler of fire resistance (worn)
 p - the +0 ring mail "Alisewie" (worn) {rPois Int+3}
   (You found it on level 3 of the Lair of Beasts)

   Int+3:     It affects your intelligence (+3).
   rPois:     It protects you from poison
 r - a +2 pair of gloves (worn)
 x - the +1 helmet of Olakkos (worn) {rN+ rCorr Int+9 Stlth-}
   (You acquired it on level 4 of the Lair of Beasts)

   Int+9:     It affects your intelligence (+9).
   rN+:       It protects you from negative energy.
   rCorr:     It protects you from acid and corrosion.
   Stlth-:    It makes you less stealthy.
 F - a +2 cloak (worn)
 J - a +2 pair of boots (worn)
Magical Staves
 j - a staff of fire
Jewellery
 e - a ring of positive energy
 f - a +4 ring of protection (left hand) {=R}
 h - a ring of willpower
 u - the ring of Ferymyti {Fly rN++ SInv}
   (You acquired it on level 2 of the Orcish Mines)

   [ring of flight]

   rN++:      It greatly protects you from negative energy.
   SInv:      It lets you see invisible.
   Fly:       It grants you flight.
 w - a ring of protection from fire
 z - a ring of wizardry (right hand)
 B - an amulet of reflection
 C - a +5 ring of evasion
 H - a +6 ring of strength
 K - a ring of poison resistance
 Q - an amulet of regeneration (around neck)
Wands
 L - a wand of flame (5)
 N - a wand of charming (1)
Scrolls
 d - 5 scrolls of teleportation
 D - a scroll of silence
 O - a scroll of torment
 P - 4 scrolls of identify {@r1}
 U - 4 scrolls of fog
 Z - 3 scrolls of noise
Potions
 c - 3 potions of ambrosia
 k - 3 potions of magic
 n - 4 potions of brilliance
 s - a potion of mutation
 t - 2 potions of attraction
 v - 9 potions of curing
 E - 3 potions of lignification
 S - a potion of cancellation
Miscellaneous
 q - a lightning rod (inert)


   Skills:
 + Level 9.9 Fighting
 + Level 8.8 Short Blades
 - Level 4.7 Ranged Weapons
 - Level 6.5 Dodging
 - Level 4.0 Shields
 - Level 8.0 Spellcasting
 - Level 10.1 Hexes
 + Level 11.5 Necromancy
 - Level 1.0 Fire Magic
 - Level 10.0 Alchemy
 - Level 10.4 Evocations


You couldn't memorise any spells.
You knew the following spells:

 Your Spells              Type           Power      Damage    Failure   Level
a - Olgreb's Toxic Radia  Alch           59%        N/A       1%          4
b - Fugue of the Fallen   Necr           65%        N/A       1%          3
c - Anguish               Hex/Necr       31%        N/A       1%          4
d - Dispel Undead         Necr           65%        3d22      1%          4
e - Lesser Beckoning      Tloc           20%        N/A       11%         2
f - Cause Fear            Hex            30%        N/A       1%          4
g - Sigil of Binding      Hex            60%        N/A       1%          3
h - Death Channel         Necr           32%        N/A       9%          6

Your spell library contained the following spells:

 Spells                   Type           Power      Damage    Failure   Level
 Kiss of Death            Conj/Necr      100%       2d13      1%          1
 Necrotise                Necr           100%       1d9       1%          1
 Sting                    Conj/Alch      100%       1d9       1%          1
 Cigotuvi's Dreadful Rot  Necr/Alch/Air  98%        N/A       1%          2
 Jinxbite                 Hex            100%       N/A       1%          2
 Mercury Vapours          Alch/Air       74%        N/A       1%          2
 Inner Flame              Hex/Fire       40%        N/A       2%          3
 Martyr's Knell           Necr/Summ      42%        N/A       6%          4
 Dimensional Bullseye     Hex/Tloc       19%        N/A       9%          4
 Gell's Gravitas          Tloc           10%        N/A       21%         3
 Teleport Other           Tloc           10%        N/A       21%         3
 Enfeeble                 Hex            30%        N/A       63%         7


Dungeon Overview and Level Annotations

Branches:
Dungeon (15/15)            Temple (0/1) D:7            Lair (5/5) D:10
  Snake (0/4) Lair:2        Slime (0/5) Lair:4          Orc (2/2) D:9
    Elf (0/3) Orc:2
  Swamp: Lair:2-3    Shoals: Lair:2-3    Vaults: D:13-14     Depths: D:15

Altars:
Cheibriados
Dithmenos
Fedhas
Kikubaaqudgha
Makhleb
Nemelex Xobeh
Okawaru
Qazlal
Ru
Sif Muna
Trog
Xom
The Shining One
Jiyva

Shops:
D:8 *   D:9 :   D:15 !   Orc:1 [   Orc:2 **=[

Annotations:
D:4 1 runed translucent door, Crazy Yiuf
D:5 3 runed translucent doors, voltaire321's ghost, novice MfGl
D:11 3 runed translucent doors, oldriver's ghost, journeyman DsFE
D:13 Sonja
D:14 3 runed translucent doors, Dunag's ghost, journeyman MiFi
Lair:3 exclusion: oklob plant
Lair:4 exclusions: 3 oklob plants and orange crystal statue
Orc:1 2 runed translucent doors, Sentaipn's ghost, journeyman FoFi


Innate Abilities, Weirdness & Mutations

You have razor-sharp teeth.
Your natural rate of healing is unusually fast.
When hurt, damage is shared between your health and your magic reserves.
Your bite disrupts and absorbs the magic of your enemies.
Potions cannot restore your health.


Message History

Magic courses through your body.
Your toxic aura wanes.
The white ugly thing closely misses you.
Casting: Olgreb's Toxic Radiance (mildly dangerous; 1% risk of failure)
Confirm with . or Enter, or press ? or * to list all spells.
Casting: Cause Fear (mildly dangerous; 1% risk of failure)
Press: ? - help, Dir - look around, f - activate The white ugly thing looks frightened!
An arcanist comes into view. It is wielding a +0 dagger.
The arcanist shouts!
The arcanist gestures wildly while chanting.
The arcanist seems to speed up.
The arcanist gestures at you while chanting.
The bolt of cold misses you.
Casting: Cause Fear (mildly dangerous; 1% risk of failure)
Confirm with . or Enter, or press ? or * to list all spells.
You begin to radiate toxic energy.
The arcanist is poisoned.
The arcanist looks even sicker.
Your toxic aura wanes.
The arcanist gestures at you while chanting.
The lance of force hits you.
* * * LOW HITPOINT WARNING * * *
You are knocked back by the lance of force.
You slam into the rock wall!
Casting: Olgreb's Toxic Radiance (mildly dangerous; 1% risk of failure)
Confirm with . or Enter, or press ? or * to list all spells.
You begin to radiate toxic energy.
The arcanist looks even sicker.
The arcanist looks as sick as possible!
The arcanist casts a spell at you. The bolt of cold hits you!!!
* * * LOW HITPOINT WARNING * * *
Okay, then.
You hit the arcanist.
The arcanist writhes in agony.
You bite the arcanist, but do no damage.
The arcanist is heavily wounded.
The arcanist looks as sick as possible!
The arcanist points at you and mumbles some strange words.
The lance of force hits you!
You die...
Kikubaaqudgha rasps: "You have failed me!
Welcome... death!"

#######.########.#..#.#.#.#.##.#.
.........)................†..z...
.#######.....>.#.#..###...####...
######.##.#.....[..)(.....
#.##.......(.........
#.##........##......#
#.##........##.######
..##p..........#.!8.8
####@..........##.??"
#.......#####.....
#....†)÷....##W...
#........####W{WW. #........#
###+++ #.......)# #....
#........# #....
###.####.#####.#.# ###
#u.÷.u))#..


You could see an arcanist (fast, extremely poisoned).

Vanquished Creatures
  A tengu reaver (D:13)
  An orc warlord (Orc:2)
  Nessos (Lair:4)
  A quicksilver dragon zombie (D:15)
  A deep elf high priest (D:13)
  A vault guard (D:14)
  2 ogre magi (Orc:2)
  2 centaur warriors (D:13)
  3 hydras
  5 catoblepae
  3 boulder beetles
  11 two-headed ogres
  2 tengu warriors
  12 death yaks
  A skyshark (Lair:3)
  4 skeletal warriors (D:14)
  A flayed ghost (D:15)
  2 deep trolls (Orc:2)
  An arcanist (D:15)
  A lindwurm (Lair:4)
  Pikel (D:5)
  3 deep elf pyromancers
  An orc knight (Orc:1)
  A phantasmal warrior (D:13)
  2 necromancers (D:14)
  11 ugly things
  5 cyclopes
  4 manticores
  4 black mambas
  A meliai (D:13)
  A gargoyle (D:10)
  2 torpor snails
  4 cane toads
  2 rime drakes
  10 komodo dragons
  An efreet (D:13)
  A kobold demonologist (D:12)
  15 trolls
  2 polar bears
  A hornet (D:9)
  19 blink frogs
  Grinder (D:5)
  3 dream sheep (Lair:3)
  3 slime creatures
  A wyvern (Lair:3)
  60 yaks
  A shadow (D:12)
  6 basilisks
  2 steam dragons
  16 humans (D:14)
  A warg (Orc:1)
  7 vampire mosquitoes
  3 nagas (Lair:2)
  Edmund (D:5)
  3 swamp worms (D:9)
  11 water moccasins
  An acid dragon (D:13)
  26 orc warriors
  2 ice beasts
  A sky beast (D:5)
  3 wolves (Lair:1)
  2 laughing skulls
  17 ogres
  4 centaurs
  2 lemures (D:4)
  3 phantoms
  3 kobold brigands
  A gnoll sergeant (D:11)
  14 bullfrogs
  8 scorpions
  11 wights
  18 killer bees
  An electric eel (D:10)
  2 howler monkeys (D:7)
  2 bombardier beetles
  A crimson imp (D:8)
  A lava snake (Lair:4)
  2 gnoll boudas
  13 orc priests
  4 hounds
  A jelly (D:5)
  Ijyb (D:5)
  Natasha (D:3)
  3 iguanas
  17 orc wizards
  Robin (D:2)
  18 gnolls
  6 adders
  A ribbon worm (D:4)
  A dart slug (D:5)
  62 orcs
  7 ball pythons
  7 endoplasms
  5 giant cockroaches
  19 goblins
  15 hobgoblins
  7 jackals
  5 quokkas
  10 bats
  17 frilled lizards
  17 kobolds
  6 rats
635 creatures vanquished.

Vanquished Creatures (collateral kills)
  A centaur warrior (D:13)
  An orc knight (D:13)
  2 slime creatures (D:13)
  A kobold brigand (D:9)
  A bullfrog (D:9)
  A wight (D:9)
  4 kobolds (D:9)
11 creatures vanquished.

Vanquished Creatures (others)
  A fire giant (D:13)
  A deep troll earth mage (D:13)
  A tengu warrior (D:13)
  A wolf spider (D:13)
  An ugly thing (D:12)
  A cyclops (D:13)
  A black mamba (Lair:2)
  A rime drake (Lair:5)
  A yaktaur (D:13)
  An efreet (D:13)
  A troll (Orc:2)
  2 dream sheep (Lair:3)
  A wraith (D:12)
  A yak (Lair:3)
  An orc warrior (Orc:1)
  An ogre (Orc:2)
  An orc wizard (D:11)
18 creatures vanquished.

Grand Total: 664 creatures vanquished

Notes
Turn   | Place    | Note
-------+----------+-------------------------------------------
     0 | D:1      | dolemite99 the Vine Stalker Hexslinger began the quest for
                  | the Orb.
     0 | D:1      | Reached XP level 1. HP: 9/9 MP: 3/3
   109 | D:1      | Reached XP level 2. HP: 14/14 MP: 4/4
   335 | D:1      | Reached XP level 3. HP: 16/17 MP: 3/5
   934 | D:2      | Reached skill level 1 in Short Blades
  1118 | D:2      | Reached XP level 4. HP: 21/21 MP: 3/6
  1181 | D:2      | Noticed Robin
  1312 | D:2      | Killed Robin
  1514 | D:2      | Reached XP level 5. HP: 24/25 MP: 4/7
  1837 | D:3      | Found a bloodstained altar of Trog.
  2314 | D:3      | Learned a level 2 spell: Jinxbite
  2326 | D:3      | Found a blossoming altar of Fedhas.
  2327 | D:3      | Found an ancient bone altar of Kikubaaqudgha.
  2342 | D:3      | Became a worshipper of Kikubaaqudgha
  2617 | D:3      | Noticed Natasha
  2623 | D:3      | Killed Natasha
  2879 | D:4      | Reached XP level 6. HP: 29/29 MP: 6/8
  4238 | D:4      | Learned a level 3 spell: Sigil of Binding
  4352 | D:4      | Found a runed translucent door.
  4353 | D:4      | Noticed Crazy Yiuf
  4405 | D:4      | Reached skill level 1 in Fighting
  4405 | D:4      | Reached XP level 7. HP: 27/34 MP: 9/9
  4660 | D:4      | Reached * piety under Kikubaaqudgha
  4660 | D:4      | Received a gift from Kikubaaqudgha
  4900 | D:4      | Found a shimmering blue altar of Sif Muna.
  4993 | D:5      | Entered Level 5 of the Dungeon
  4994 | D:5      | Noticed Pikel
  5305 | D:5      | Found a runed translucent gate.
  5305 | D:5      | Found a runed translucent gate.
  5305 | D:5      | Found a runed translucent gate.
  5322 | D:5      | Noticed Ijyb
  5323 | D:5      | Noticed voltaire321's ghost (novice MfGl)
  5344 | D:5      | Killed Ijyb
  5442 | D:5      | Reached skill level 1 in Evocations
  5484 | D:5      | Found a snail-covered altar of Cheibriados.
  5542 | D:5      | Noticed Grinder
  5546 | D:5      | Killed Grinder
  5547 | D:5      | Gained mutation: You have razor-sharp teeth. [Vine Stalker
                  | growth]
  5547 | D:5      | Reached XP level 8. HP: 40/40 MP: 10/10
  5547 | D:5      | Noticed Edmund
  5551 | D:5      | Killed Edmund
  5757 | D:5      | Found a sacrificial altar of Ru.
  5913 | D:5      | Killed Pikel
  6012 | D:5      | Found a shadowy altar of Dithmenos.
  6065 | D:6      | Reached XP level 9. HP: 44/44 MP: 11/11
  6366 | D:6      | Reached ** piety under Kikubaaqudgha
  8050 | D:7      | Found a stormy altar of Qazlal.
  8525 | D:7      | Reached skill level 10 in Evocations
  8621 | D:7      | Reached XP level 10. HP: 49/49 MP: 9/12
  8732 | D:7      | Found a shimmering altar of Xom.
  8732 | D:7      | Found an iron altar of Okawaru.
  9462 | D:7      | Found a staircase to the Ecumenical Temple.
  9575 | D:8      | Reached *** piety under Kikubaaqudgha
  9575 | D:8      | Received a gift from Kikubaaqudgha
  9933 | D:8      | You fall into a shaft and drop 1 floor!
 10403 | D:8      | Reached skill level 5 in Fighting
 10527 | D:8      | Found Jiulin's CLEARANCE SALE!.
 10582 | D:8      | Found a burning altar of Makhleb.
 11115 | D:9      | Found Huudgh's Book Boutique.
 11124 | D:9      | Learned a level 4 spell: Anguish
 11127 | D:9      | Learned a level 2 spell: Lesser Beckoning
 11159 | D:9      | Found a glowing golden altar of the Shining One.
 11337 | D:9      | Reached skill level 5 in Short Blades
 11575 | D:9      | Found a staircase to the Orcish Mines.
 11598 | D:9      | Reached **** piety under Kikubaaqudgha
 11880 | D:9      | Found a sparkling altar of Nemelex Xobeh.
 12206 | D:10     | Entered Level 10 of the Dungeon
 12342 | D:10     | Noticed a gargoyle
 12361 | D:10     | Killed a gargoyle
 12362 | D:10     | Reached XP level 11. HP: 33/56 MP: 13/13
 13136 | D:10     | Found a staircase to the Lair.
 13254 | D:10     | Reached skill level 1 in Necromancy
 13563 | D:11     | Reached skill level 2 in Necromancy
 13831 | D:11     | Found a runed translucent gate.
 13831 | D:11     | Found a runed translucent gate.
 13831 | D:11     | Found a runed translucent gate.
 13831 | D:11     | Found a viscous altar of Jiyva.
 13831 | D:11     | Noticed oldriver's ghost (journeyman DsFE)
 13831 | D:11     | Noticed a great orb of eyes
 13861 | D:11     | Reached skill level 3 in Necromancy
 14220 | D:11     | Noticed a two-headed ogre
 14225 | D:11     | Killed a two-headed ogre
 14226 | D:11     | Reached skill level 5 in Hexes
 14466 | D:11     | Reached skill level 4 in Necromancy
 14536 | D:11     | Noticed a boulder beetle
 14560 | D:11     | Killed a boulder beetle
 15067 | Lair:1   | Entered Level 1 of the Lair of Beasts
 16024 | Lair:1   | Reached XP level 12. HP: 49/60 MP: 8/14
 16265 | Lair:1   | Reached ***** piety under Kikubaaqudgha
 16275 | Lair:1   | Reached skill level 10 in Hexes
 17206 | Lair:2   | You fall into a shaft and drop 2 floors!
 17206 | Lair:4   | Found a staircase to the Slime Pits.
 17217 | Lair:4   | Reached skill level 5 in Necromancy
 17266 | Lair:4   | Noticed Nessos
 17271 | Lair:3   | Noticed a skyshark
 17555 | Lair:2   | Found a frozen archway.
 17673 | Lair:2   | Reached skill level 6 in Necromancy
 17798 | Lair:2   | Noticed a seven-headed hydra
 17807 | Lair:2   | Killed a seven-headed hydra
 17847 | Lair:2   | Reached skill level 7 in Necromancy
 18085 | Lair:2   | Reached skill level 8 in Necromancy
 18961 | Lair:2   | Noticed a death yak
 18963 | Lair:2   | Noticed a death yak
 18979 | Lair:2   | Noticed a death yak
 18979 | Lair:2   | Noticed a death yak
 18979 | Lair:2   | Noticed a death yak
 18980 | Lair:2   | Noticed a death yak
 19010 | Lair:2   | Killed a death yak
 19011 | Lair:2   | Reached skill level 9 in Necromancy
 19011 | Lair:2   | Killed a death yak
 19011 | Lair:2   | Killed a death yak
 19062 | Lair:2   | Killed a death yak
 19063 | Lair:2   | Reached skill level 10 in Necromancy
 19084 | Lair:1   | Killed a death yak
 19085 | Lair:1   | Reached XP level 13. HP: 56/64 MP: 15/15
 19614 | Lair:2   | Found a staircase to the Snake Pit.
 20003 | Lair:3   | Reached skill level 5 in Spellcasting
 20239 | Lair:3   | Identified the +0 ring mail "Alisewie" {rPois Int+3}
 20329 | Lair:3   | Found an ancient bone altar of Kikubaaqudgha.
 20689 | Lair:3   | Learned a level 3 spell: Fugue of the Fallen
 20700 | Lair:3   | Learned a level 4 spell: Cause Fear
 20705 | Lair:3   | Learned a level 4 spell: Olgreb's Toxic Radiance
 20830 | Lair:3   | HP: 3/66 [bog body (20)]
 20831 | Lair:3   | Reached skill level 1 in Alchemy
 20877 | Lair:4   | Killed Nessos
 21329 | Lair:5   | Entered Level 5 of the Lair of Beasts
 21345 | Lair:4   | Reached skill level 5 in Alchemy
 21663 | Lair:4   | Identified a scroll of acquirement
 21663 | Lair:4   | Acquired the +1 helmet of Olakkos {rN+ rCorr Int+9 Stlth-}
 21988 | Lair:5   | Reached XP level 14. HP: 70/70 MP: 11/22
 22962 | Lair:5   | Reached ****** piety under Kikubaaqudgha
 22972 | Lair:5   | Identified a +2 rapier of pain (a +0 heavy rapier bloodied
                  | by Kikubaaqudgha)
 22972 | Lair:5   | Received a gift from Kikubaaqudgha
 23245 | Orc:1    | Entered Level 1 of the Orcish Mines
 23627 | Orc:1    | Found a large runed translucent door.
 23628 | Orc:1    | Found a large runed translucent door.
 23635 | Orc:1    | Noticed Sentaipn's ghost (journeyman FoFi)
 23650 | Orc:1    | Found Yfaroqoy's Antique Armour Emporium.
 23801 | Orc:1    | Bought a crude ring mail for 315 gold pieces
 23801 | Orc:1    | Identified the +1 ring mail "Deroagh" {Harm Int+2 Dex-5}
                  | (You bought it in a shop on level 1 of the Orcish Mines)
 23803 | Orc:1    | Bought a shiny buckler for 262 gold pieces
 23860 | Orc:1    | Bought a shimmering leather armour for 245 gold pieces
 23860 | Orc:1    | Identified the +1 leather armour of Starshine {Harm rPois
                  | rF+ rN+ Dex-2} (You bought it in a shop on level 1 of the
                  | Orcish Mines)
 23930 | Orc:2    | Entered Level 2 of the Orcish Mines
 23930 | Orc:2    | Found a staircase to the Elven Halls.
 24030 | Orc:2    | Found a burning altar of Makhleb.
 24056 | Orc:2    | Reached skill level 1 in Shields
 24415 | Orc:2    | Noticed an orc warlord
 24849 | Orc:2    | Killed an orc warlord
 24914 | Orc:2    | Found Laud's Jewellery Shoppe.
 24958 | Orc:2    | Paralysed by an ogre mage for 5 turns
 24971 | Orc:2    | Reached skill level 5 in Dodging
 25230 | Orc:2    | Found Sioggum's General Store.
 25257 | Orc:2    | Found Vixt's Antique Armour Emporium.
 25296 | Orc:2    | Found Rofuuso's General Store.
 25962 | Orc:2    | Bought a twisted scale mail for 216 gold pieces
 25962 | Orc:2    | Identified the +6 scale mail "Jedonuc" {Will+ Int-3 SInv}
                  | (You bought it in a shop on level 2 of the Orcish Mines)
 25989 | Orc:2    | Bought a scroll of acquirement for 728 gold pieces
 26025 | Orc:2    | Bought a potion of might for 56 gold pieces
 26312 | D:12     | Reached XP level 15. HP: 49/79 MP: 11/23
 26320 | D:12     | Acquired the ring of Ferymyti {Fly rN++ SInv}
 27318 | D:12     | Learned a level 6 spell: Death Channel
 28062 | D:13     | Reached skill level 11 in Necromancy
 28262 | D:13     | Noticed Sonja
 28331 | D:13     | Noticed a fire giant
 28780 | D:8      | Bought a scroll of amnesia for 20 gold pieces
 28884 | D:13     | Found the +5 glaive of the Guard {elec, spectral}
 28889 | D:13     | Noticed a tengu reaver
 28895 | D:13     | Acquired 638 gold pieces
 28912 | D:13     | Killed a tengu reaver
 29452 | D:15     | Entered Level 15 of the Dungeon
 30397 | D:15     | Found Hathrerui's Distillery.
 30445 | D:14     | Learned a level 4 spell: Dispel Undead
 30565 | D:14     | Found a runed translucent gate.
 30565 | D:14     | Found a runed translucent gate.
 30565 | D:14     | Found a runed translucent gate.
 30566 | D:14     | Noticed Dunag's ghost (journeyman MiFi)
 30856 | D:14     | Reached skill level 10 in Alchemy
 31404 | D:14     | HP: 2/80 [arcanist/bolt of cold (24)]
 31405 | D:14     | Killed from afar by an arcanist

Illustrated notes

Levels and vault maps discovered:
D:1:      roderic_octagonal_star, layout_loops_ring
D:2:      layout_basic, minmay_lizard_king, uniq_robin
D:3:      layout_basic, grunt_temple_overflow_growth_and_decay, bloody_trog,
          minmay_starry_boxes, uniq_natasha
D:4:      cheibrodos_greedy_goblins, layout_basic, lemuel_blue_sif_altar,
          chequers_garden, kennysheep_small_spiral, uniq_crazy_yiuf_cottage
D:5:      layout_basic, lemuel_doored_altar, grunt_dithmenos_shadows,
          kennysheep_slug_shrine, gammafunk_ghost_split, uniq_edmund,
          uniq_grinder, uniq_pikel, uniq_ijyb
D:6:      cheibrodos_quashed, layout_cave_pools
D:7:      layout_basic, kennysheep_little_box,
          mainiacjoe_overflow_catwalk_spiral, temple_hall,
          minmay_misc_feat_pillars
D:8:      layout_cave_pools, makhleb_grotto_becter, nicolae_shop_clearance
D:9:      layout_basic, tso_oasis_becter, lemuel_coloured_pillars_altar,
          minmay_orc_entry_temple_small, serial_shops, shop, worms_lemuel
D:10:     layout_basic, nicolae_overflow_hidden_temple, lair_entry_dummy,
          minivault_23
D:11:     layout_loops_ring, gammafunk_ghost_ooze
D:12:     layout_irregular_city
D:13:     minmay_guarded_unrand_guard, layout_loops_ring, uniq_sonja
D:14:     layout_basic, grunt_vaults_entry_tiered, gammafunk_ghost_spectres,
          nicolae_ru_the_path_less_chosen
D:15:     gammafunk_depths_entry_grave, layout_basic, serial_shops,
          nicolae_shop_crystal, nicolae_lava_and_water
Lair:1:   layout_layer_cave, grunt_megastairs_4
Lair:2:   layout_gridlike, nicolae_snake_entry_squirm,
          portal_ice_cave_entry_pillars_1, beast_lair_carwin_11
Lair:3:   layout_cave_shapes, nicolae_swamp_entry_splash_gauntlet,
          lemuel_oklob_altar
Lair:4:   layout_loops_ring, minmay_slime_entry_oklob_open,
          small_statue_intersection, disabler_island, uniq_nessos
Lair:5:   evilmike_catoblepas_cave, layout_misc_corridors
Orc:1:    layout_diamond_mine, ebering_ghost_disaster_area, serial_shops, shop,
          regret_index_minedec_guest_junction
Orc:2:    st_orc_open, layout_caves, basic_altar

Skill      XL: |  1  2  3  4  5  6  7  8  9 10 11 12 13 14 15 |
---------------+----------------------------------------------+-----
Ranged Weapons | 2 3 4 |  4.7
Short Blades   | 1 3 4 7 8 |  8.8
Hexes          | 4 9 10 | 10.1
Fighting       | 1 3 5 6 9 |  9.9
Dodging        | 2 6 |  6.5
Evocations     | 3 7 10 | 10.4
Necromancy     | 4 10 11 | 11.5
Spellcasting   | 5 8 |  8.0
Alchemy        | 7 10 | 10.0
Shields        | 4 |  4.0
Fire Magic     | |  1.0

Action                     |  1- 3 |  4- 6 |  7- 9 | 10-12 | 13-15 || total
---------------------------+-------+-------+-------+-------+-------++-------
  Melee: Dagger            |    82 |   179 |   236 |   630 |   456 ||  1583
         Bite              |    15 |    46 |    79 |   256 |   573 ||   969
         Punch             |       |     4 |     3 |     4 |     8 ||    19
         Rapier            |       |       |       |       |   700 ||   700
   Fire: Sling             |    53 |       |       |       |       ||    53
         Shortbow          |       |       |    21 |       |       ||    21
         Orcbow            |       |       |       |    23 |       ||    23
         Longbow           |       |       |       |       |    30 ||    30
  Throw: Boomerang         |       |    10 |       |    31 |    67 ||   108
         Dart              |       |       |     7 |   103 |    39 ||   149
         Javelin           |       |       |       |       |    16 ||    16
   Cast: Jinxbite          |       |     6 |    35 |    94 |    40 ||   175
         Sigil of Binding  |       |       |     7 |    11 |    22 ||    40
         Anguish           |       |       |       |     6 |    71 ||    77
         Olgreb's Toxic Ra |       |       |       |       |    60 ||    60
         Fugue of the Fall |       |       |       |       |    29 ||    29
         Cause Fear        |       |       |       |       |     4 ||     4
         Dispel Undead     |       |       |       |       |     6 ||     6
         Death Channel     |       |       |       |       |     3 ||     3
 Invoke: Brand Weapon With |       |       |       |       |     1 ||     1
  Evoke: Wand              |       |       |    32 |    44 |    37 ||   113
         Lightning rod     |       |       |       |     6 |    23 ||    29
    Use: Potion            |     1 |     1 |       |       |    14 ||    16
         Scroll            |       |     2 |    12 |    21 |    16 ||    51
   Stab: Sleeping          |     4 |     2 |     1 |       |       ||     7
         Invisible         |       |       |       |       |    16 ||    16
         Petrified         |       |       |       |       |     1 ||     1
 Armour: Robe              |    61 |   105 |    92 |       |       ||   258
         Steam dragon scal |       |       |     5 |    82 |       ||    87
         Troll leather arm |       |       |       |   253 |   443 ||   696
         Ring mail         |       |       |       |       |   584 ||   584
  Dodge: Dodged            |    82 |   105 |   243 |   542 |   956 ||  1928
  Block: Other             |       |       |    51 |    69 |       ||   120
         Reflection        |       |       |     2 |     1 |       ||     3
         Buckler           |       |       |       |   167 |   362 ||   529

Table legend: (Time is in decaauts)
 A = Elapsed time spent in this place.
 B = Non-inter-level travel time spent in this place.
 C = Inter-level travel time spent in this place.
 D = Time resting spent in this place.
 E = Time spent auto-exploring this place.
 F = Levels seen in this place.
 G = Mean time per level.
                   A        B        C        D        E       F      G
               +--------+--------+--------+--------+--------+-----+--------+
         Total |  30940 |  29425 |   1515 |  10066 |  11849 |  22 | 1406.4 |
       Dungeon |  20647 |  19714 |    933 |   7592 |   7613 |  15 | 1376.5 |
          Lair |   7679 |   7401 |    278 |   2163 |   3203 |   5 | 1535.8 |
  Orcish Mines |   2613 |   2309 |    304 |    311 |   1033 |   2 | 1306.5 |
               +--------+--------+--------+--------+--------+-----+--------+

Top non-repeatable levels by time:
  Lair:2: 2370 daAuts
     D:4: 2265 daAuts
    D:13: 1857 daAuts
  Lair:1: 1851 daAuts
     D:9: 1828 daAuts
     D:7: 1732 daAuts
    D:11: 1706 daAuts
     D:6: 1612 daAuts
    D:10: 1544 daAuts
   Orc:2: 1470 daAuts
  Lair:5: 1311 daAuts
    D:14: 1277 daAuts
     D:5: 1234 daAuts
  Lair:3: 1156 daAuts
   Orc:1: 1143 daAuts
